 Dungeon Crawl Stone Soup version 0.22-a0-469-gf26638a (webtiles) character file.

1503 Laiders72 the Shield-Bearer (level 8, 0/73 HPs)
             Began as a Deep Dwarf Fighter on June 11, 2018.
             Killed from afar by an electric eel (4 damage)
             ... with a bolt of electricity
             ... on level 6 of the Dungeon.
             The game lasted 00:15:16 (4270 turns).

Laiders72 the Shield-Bearer (Deep Dwarf Fighter)    Turns: 4270, Time: 00:15:18

Health: 0/73       AC: 12    Str: 22    XL:     8   Next: 52%
Magic:  2/2        EV:  5    Int:  9    God:
Gold:   378        SH: 11    Dex: 12    Spells: 7/7 levels left

rFire    . . .     SeeInvis .   E - +0 morningstar
rCold    . . .     Gourm    .   c - +0 shield
rNeg     . . .     Faith    .   B - +0 plate armour
rPois    .         Spirit   .   (no helmet)
rElec    .         Reflect  .   (no cloak)
rCorr    .         Harm     .   (no gloves)
MR       +....                  (no boots)
Stlth    ..........             (no amulet)
HPRegen  0.00/turn              (no ring)
MPRegen  0.08/turn              (no ring)

@: non-regenerating, hasted, very quick
A: damage resistance, heal wounds, sense surroundings 1, no regeneration
a: Heal Wounds


You were on level 6 of the Dungeon.
You were not hungry.

You visited 1 branch of the dungeon, and saw 6 of its levels.
You also visited: Ossuary.

You collected 378 gold pieces.

Inventory:

Hand Weapons
 E - a +0 morningstar (weapon)
Missiles
 e - 56 stones (quivered)
 r - 4 tomahawks
Armour
 c - a +0 shield (worn)
 B - a +0 plate armour (worn)
Jewellery
 C - an uncursed ring of protection from magic {unknown}
Scrolls
 b - 7 scrolls of identify
 g - 6 scrolls of remove curse
 h - a scroll of fog {unknown}
 p - a scroll of blinking {unknown}
 s - 2 scrolls of enchant weapon {unknown}
 u - 2 scrolls of teleportation {unknown}
 w - 2 scrolls of enchant armour {unknown}
 x - 2 scrolls of noise {unknown}
 y - a scroll of acquirement {unknown}
 z - a scroll of magic mapping {unknown}
 A - a scroll of fear {unknown}
 D - a scroll of random uselessness {unknown}
 F - a scroll of immolation {unknown}
Potions
 d - a potion of agility {unknown}
 i - 3 potions of curing {unknown}
 j - 2 potions of resistance {unknown}
 k - 4 potions of flight
 l - a potion of heal wounds
 m - a potion of cancellation {unknown}
 n - a potion of brilliance {unknown}
 o - 2 potions of haste
 q - a potion of might
 t - 2 potions of ambrosia {unknown}
 v - 2 potions of mutation {unknown}
Comestibles
 f - 5 rations


   Skills:
 + Level 4.8 Fighting
 * Level 6.4 Maces & Flails
 + Level 5.7 Armour
 * Level 7.5 Shields


You had 7 spell levels left.
You didn't know any spells.
Your spell library was empty.

Dungeon Overview and Level Annotations

Branches:
Dungeon (6/15)
 Temple: D:4-7

Altars:
Cheibriados
Okawaru


Innate Abilities, Weirdness & Mutations

You are resistant to damage.
You can heal yourself by infusing magical energy.
You passively map a small area around you.
You do not regenerate.


Message History

The bolt of electricity hits you!
* * * LOW HITPOINT WARNING * * *
The adder bites the plant but does no damage.
You closely miss the electric eel.
The electric eel is severely wounded.
The electric eel shoots out a bolt of lightning at you!
The bolt of electricity hits you!
* * * LOW HITPOINT WARNING * * *
The bolt of electricity hits you!
The bolt of electricity misses the electric eel.
The bolt of electricity hits the plant.
The adder bites the plant but does no damage.
You feel yourself speed up.
The adder bites the plant but does no damage.
The electric eel shoots out a bolt of lightning at you!
The bolt of electricity hits you!
* * * LOW HITPOINT WARNING * * *
The electric eel shoots out a bolt of lightning at you!
The bolt of electricity misses you. The bolt of electricity hits you!
You die...

, ###...... * ,
*#...... , ,,
+..... ,,* *
**,####...#* , *
,#......#### * *
♣♣♣.........#* ,
≈♣.P..<..###.#*
.# ≈≈≈.......#
#.##...# *
♣P♣P♣.....#
#@;≈≈P.# ♣
♣.....##P;PP≈..#
######PPSPPP≈P.#
, P≈≈P≈♣≈≈PP...
PP.P♣≈≈≈PP≈.>##
,
≈.≈≈♣≈≈≈PPP##.#
, ≈≈♣PP≈≈,.##*.#
* ≈≈♣PP## .# # *


You could see 2 electric eels and an adder.

Vanquished Creatures
  Sigmund (D:2)
  A wraith (Ossuary)
  Menkaure (D:5)
  The ghost of Vajrapani the Insei, an amateur OpWr of Okawaru (D:4)
  Duvessa (D:5)
  2 ogres (D:4)
  Dowan (D:5)
  2 hounds (D:3)
  A jelly (D:5)
  2 orc priests
  An orc wizard (D:4)
  A gnoll shaman (D:4)
  4 worker ants
  A hound skeleton (D:4)
  A mummy (Ossuary)
  10 gnolls
  6 adders
  A shadow imp (D:5)
  3 oozes
  2 worms (D:2)
  3 dart slugs
  14 orcs
  10 bats
  7 giant cockroaches
  12 goblins
  9 hobgoblins
  8 jackals
  5 quokkas
  5 frilled lizards
  7 gnoll skeletons (Ossuary)
  12 kobolds
  4 kobold skeletons (Ossuary)
  A leopard gecko zombie (D:5)
  14 orc skeletons (Ossuary)
  A quokka skeleton (D:4)
  9 rats
164 creatures vanquished.

Vanquished Creatures (others)
  2 plants (D:6)
2 creatures vanquished.

Grand Total: 166 creatures vanquished

Notes
Turn   | Place    | Note
-------+----------+-------------------------------------------
     0 | D:1      | Laiders72 the Deep Dwarf Fighter began the quest for the Orb.
     0 | D:1      | Reached XP level 1. HP: 20/20 MP: 1/1
   327 | D:1      | Reached XP level 2. HP: 18/27 MP: 2/2
  1001 | D:2      | Reached XP level 3. HP: 12/33 MP: 3/3
  1135 | D:2      | Reached skill level 4 in Shields
  1136 | D:2      | Noticed Sigmund
  1149 | D:2      | Reached XP level 4. HP: 33/42 MP: 4/4
  1156 | D:2      | Killed Sigmund
  1156 | D:2      | Reached XP level 5. HP: 12/49 MP: 5/5
  1320 | D:2      | Reached skill level 5 in Shields
  1502 | D:2      | Reached XP level 6. HP: 43/56 MP: 6/6
  2152 | D:3      | Found a snail-covered altar of Cheibriados.
  2434 | D:4      | Found a sand-covered staircase.
  2445 | Ossuary  | Entered an ossuary
  2445 | Ossuary  | Noticed a wraith
  2445 | Ossuary  | Noticed a wraith
  2445 | Ossuary  | Noticed a wraith
  2602 | Ossuary  | Noticed a wraith
  2644 | Ossuary  | Killed a wraith
  2644 | Ossuary  | Reached XP level 7. HP: 20/63 MP: 6/6
  2742 | D:4      | Reached skill level 5 in Maces & Flails
  2742 | D:4      | Reached skill level 6 in Shields
  2749 | D:4      | HP: 2/64 [ogre/giant club (20)]
  2762 | D:4      | Noticed Vajrapani's ghost (amateur OpWr)
  2826 | D:4      | Killed Vajrapani's ghost
  2826 | D:4      | Reached skill level 5 in Armour
  2861 | D:4      | Found an iron altar of Okawaru.
  3029 | D:4      | Reached XP level 8. HP: 62/73 MP: 5/5
  3431 | D:5      | Entered Level 5 of the Dungeon
  3470 | D:5      | Reached skill level 7 in Shields
  3501 | D:5      | Noticed Duvessa
  3502 | D:5      | Noticed Dowan
  3535 | D:5      | Killed Duvessa
  3547 | D:5      | Killed Dowan
  3783 | D:5      | Noticed Menkaure
  3796 | D:5      | Killed Menkaure
  4267 | D:6      | HP: 2/73 [electric eel/bolt of electricity (14)]
  4270 | D:6      | Killed from afar by an electric eel

Vault maps used:
D:1:      lightli_arrival_noodles, minmay_pentomino_r2
D:2:      first_ration, uniq_sigmund
D:3:      cheibriados_altar_1
D:4:      nicolae_ossuary_entry_monument, kennysheep_doodads,
          serial_park_tiny_pond, hangedman_decor_lopped,
          okawaru_ov_weapons_minmay
D:5:      uniq_duvessa, uniq_menkaure
D:6:      serial_bayou, serial_bayou_lagoon_a, serial_bayou_shore_a,
          serial_bayou_pond_b, serial_bayou_crossing, uniq_blork_the_orc,
          uniq_pikel
Ossuary:  ossuary_due_mausoleum

Skill      XL: |  1  2  3  4  5  6  7  8 |
---------------+-------------------------+-----
Fighting       | 3 4 |  4.8
Shields        | 4 5 6 7 |  7.5
Maces & Flails | 3 4 5 6 |  6.4
Armour         | 4 5 |  5.7

Action                   |  1- 3 |  4- 6 |  7- 9 || total
-------------------------+-------+-------+-------++-------
Melee: Flail             |   141 |   339 |   224 ||   704
       Morningstar       |       |       |     9 ||     9
 Abil: Heal Wounds       |     2 |     7 |    11 ||    20
  Use: Potion            |     1 |       |     2 ||     3
       Scroll            |       |     4 |     1 ||     5
  Eat: Chunk             |     1 |     4 |     4 ||     9
       Ration            |       |       |     1 ||     1
Armor: Scale mail        |    72 |   119 |       ||   191
       Chain mail        |       |   125 |    44 ||   169
       Plate armour      |       |       |   123 ||   123
Dodge: Dodged            |    45 |   140 |    56 ||   241
Block: Shield            |   119 |   276 |   164 ||   559

Table legend:
 A = Spawn XP
 B = Non-spawn XP
 C = Spawn XP percentage of total XP
 D = Spawn monster count
 E = Non-spawn monster count
 F = Spawn count percentage of total count
 G = Total turns spent on level
                    A         B        C        D         E        F      G
               +---------+---------+-------+---------+---------+-------+---------
         Total |       0 |    2148 |   0.0 |       0 |     164 |   0.0 |  4270
               +---------+---------+-------+---------+---------+-------+---------
           D:1 |       0 |      39 |   0.0 |       0 |      25 |   0.0 |   988
           D:2 |       0 |     346 |   0.0 |       0 |      33 |   0.0 |   746
           D:3 |       0 |     280 |   0.0 |       0 |      39 |   0.0 |   671
           D:4 |       0 |     652 |   0.0 |       0 |      20 |   0.0 |   752
           D:5 |       0 |     586 |   0.0 |       0 |      20 |   0.0 |   816
       Ossuary |       0 |     245 |   0.0 |       0 |      27 |   0.0 |   274
               +---------+---------+-------+---------+---------+-------+---------
